 Dungeon Crawl Stone Soup version 0.31-a0-152-g6aa68a64a1 (webtiles) character file.

Game seed: 16738583745998172399

112 qw the Shooter (level 4, -5/28 HPs)
             Began as a Gargoyle Hunter on June 11, 2023.
             Was an Initiate of Okawaru.
             Slain by an ogre
             ... wielding a +0 giant spiked club
              (19 damage)
             ... on level 4 of the Dungeon.
             The game lasted 00:00:56 (2218 turns).

qw the Shooter (Gargoyle Hunter)                    Turns: 2218, Time: 00:00:56

Health: -5/28      AC: 10    Str: 15    XL:     4   Next: 95%
Magic:  4/4        EV: 11    Int:  9    God:    Okawaru [......]
Gold:   174        SH:  0    Dex: 15    Spells: 3/3 levels left

rFire   . . .        Y - +0 shortbow
rCold   . . .        (shield currently unavailable)
rNeg    + . .        e - +0 ring mail
rPois   inf          (no helmet)
rElec   +            (no cloak)
rCorr   .            h - +0 pair of gloves
SInv    .            c - +0 pair of boots
Will    .....        (no amulet)
Stlth   +            b - +4 ring of slaying {mikee}
HPRegen 0.24/turn    (no ring)
MPRegen 0.09/turn

%: no passive effects
@: no status effects
A: sickness immunity, AC +3, negative energy resistance 1, electricity
resistance, torment resistance 1, petrification resistance
a: Renounce Religion


You were on level 4 of the Dungeon.
You worshipped Okawaru.
Okawaru was noncommittal.
You visited 1 branch of the dungeon, and saw 4 of its levels.

You collected 174 gold pieces.


Innate Abilities, Weirdness & Mutations

You are immune to sickness and miasma.
Your stone body is resilient. (AC +3)
You are immune to poison.
You resist negative energy. (rN+)
You are resistant to electric shocks. (rElec)
You are resistant to unholy torment.
You are immune to petrification.


   Skills:
 - Level 3.1 Fighting
 + Level 5.5 Ranged Weapons
 - Level 1.0 Armour
 - Level 1.5 Dodging
 - Level 1.1 Stealth


You had 3 spell levels left.
You didn't know any spells.
Your spell library was empty.

Inventory:

Hand Weapons
 Y - a +0 shortbow (weapon)
Armour
 c - a +0 pair of boots (worn)
 e - a +0 ring mail (worn)
 h - a +0 pair of gloves (worn)
Jewellery
 b - a +4 ring of slaying (left hand) {mikee}
Scrolls
 a - a scroll of identify
Potions
 d - a potion of mutation
 f - a potion of heal wounds
 g - 2 potions of curing
 i - a potion of might

Dungeon Overview and Level Annotations

Branches:
Dungeon (4/15)
 Temple: D:4-7

Altars:
Okawaru
The Shining One


Message History

You shoot an arrow. The arrow hits the adder.
The adder hisses angrily.
The adder is heavily wounded.
You shoot an arrow. The arrow misses the adder.
You shoot an arrow. The arrow closely misses the adder.
You shoot an arrow. The arrow hits the adder.
The adder is severely wounded.
The adder bites you but does no damage.
You shoot an arrow. The arrow hits the adder!
You kill the adder!
Okawaru accepts your kill.
A ball python comes into view.
Enter note: You shoot an arrow.
The arrow barely misses the ball python.
The ball python closely misses you. The ball python grabs you.
The ball python constricts you.
You shoot an arrow. The arrow hits the ball python!
You kill the ball python!
Okawaru accepts your kill.
An ogre comes into view. It is wielding a +0 giant spiked club.
The ogre moves out of view.
You shoot an arrow. The arrow hits the ogre!
The ogre is moderately wounded.
You shoot an arrow. The arrow hits the ogre!
The ogre is heavily wounded.
You shoot an arrow. The arrow hits the ogre.
The ogre is severely wounded.
The ogre barely misses you.
You shoot an arrow. The arrow barely misses the ogre.
You shoot an arrow. The arrow closely misses the ogre.
The ogre barely misses you.
You shoot an arrow. The arrow completely misses the ogre.
The ogre hits you with a +0 giant spiked club!
Ouch! That really hurt!
You shoot an arrow. The arrow hits the ogre.
The ogre is severely wounded.
The ogre hits you with a +0 giant spiked club!!
Ouch! That really hurt!
You die...

### #.. ### #.########
..# #.#......# #.#
#.#.####.#####
#######.###.#.####.....#
......O@....#.......##.#
.#....#.###....##....#.#
#.## #.#...##.##.#..#.#
#.#.####.##.#..#.#
#.#...##....##...#
#.###.########.###
#.....# #.... #######
#####


You could see an ogre.

Vanquished Creatures
  3 adders
  3 dart slugs
  3 orcs
  7 ball pythons
  3 bats (D:1)
  6 endoplasms
  A giant cockroach (D:1)
  5 goblins
  7 hobgoblins
  5 jackals
  4 quokkas
  2 frilled lizards (D:1)
  8 kobolds
  12 rats
69 creatures vanquished.

Notes
Turn   | Place    | Note
-------+----------+-------------------------------------------
     0 | D:1      | qw the Gargoyle Hunter began the quest for the Orb.
     0 | D:1      | Reached XP level 1. HP: 12/12 MP: 1/1
     0 | D:1      | 0 ||| qw: Version: 0.2-a-29-g99eb96e
     0 | D:1      | 0 ||| qw: Game counter: 4095
     0 | D:1      | 0 ||| qw: Always use a shield: true
     0 | D:1      | 0 ||| qw: God list: Okawaru
     0 | D:1      | 0 ||| qw: Allow faded altars: false
     0 | D:1      | 0 ||| qw: Do Orc after D:15 true
     0 | D:1      | 0 ||| qw: Do second Lair branch before Depths: true
     0 | D:1      | 0 ||| qw: Lair rune preference: random
     0 | D:1      | 0 ||| qw: Plans: Normal, Zot:1-4, Slime:5, God:TSO, Crypt,
                  | Tomb, Abyss, Pan, Hells, Win
     0 | D:1      | 0 ||| PLANNING D:1-11
    67 | D:1      | Reached XP level 2. HP: 17/17 MP: 2/2
   208 | D:1      | Found a faded altar of an unknown god.
   219 | D:1      | Reached XP level 3. HP: 15/21 MP: 3/3
   363 | D:1      | Reached skill level 5 in Ranged Weapons
   367 | D:1      | 367 ||| FLEEEEING.
   469 | D:1      | 469 ||| UPGRADING to +0 ring mail.
   479 | D:1      | 479 ||| DROPPING +0 leather armour.
   480 | D:1      | 480 ||| READING 2 scrolls labelled CURHAI HECHIKK.
   481 | D:1      | 481 ||| DRINKING 2 purple potions.
   482 | D:1      | 482 ||| DROPPING scroll of butterflies.
   745 | D:2      | Reached skill level 1 in Armour
   752 | D:2      | 752 ||| FLEEEEING.
   753 | D:2      | 753 ||| FLEEEEING.
  1155 | D:2      | Reached skill level 3 in Fighting
  1155 | D:2      | Reached XP level 4. HP: 28/28 MP: 4/4
  1251 | D:2      | 1251 ||| UPGRADING to +0 pair of boots.
  1256 | D:2      | 1256 ||| READING scroll labelled POPLUG QOUMMING.
  1257 | D:2      | 1257 ||| READING scroll labelled PYSACY POGG.
  1258 | D:2      | 1258 ||| READING scroll labelled ANEYM RYMYF.
  1259 | D:2      | 1259 ||| READING 2 scrolls of identify.
  1259 | D:2      | 1259 ||| IDENTIFYING fuming blue potion
  1260 | D:2      | 1260 ||| DROPPING potion of degeneration.
  1540 | D:3      | Found a glowing golden altar of the Shining One.
  1540 | D:3      | Found an iron altar of Okawaru.
  1541 | D:3      | 1541 ||| PLANNING OKAWARU WORSHIP
  1855 | D:3      | 1855 ||| UPGRADING to +4 ring of slaying {mikee}.
  1856 | D:3      | 1856 ||| DRINKING 3 ruby potions.
  1857 | D:3      | 1857 ||| READING 3 scrolls of identify.
  1857 | D:3      | 1857 ||| IDENTIFYING blue potion
  1858 | D:3      | 1858 ||| READING 2 scrolls of identify.
  1858 | D:3      | 1858 ||| IDENTIFYING fizzy yellow potion
  1859 | D:3      | 1859 ||| DROPPING potion of enlightenment.
  1913 | D:3      | Became a worshipper of Warmaster Okawaru
  1913 | D:3      | 1913 ||| PLANNING D:1-11
  2044 | D:3      | 2044 ||| Stepping ~*~*~tactically~*~*~ (outnumbered).
  2047 | D:3      | 2047 ||| Stepping ~*~*~tactically~*~*~ (outnumbered).
  2073 | D:3      | 2073 ||| UPGRADING to +0 pair of gloves.
  2078 | D:3      | 2078 ||| READING scroll labelled KEINUOKUGI.
  2210 | D:4      | Noticed an ogre
  2218 | D:4      | Slain by an ogre

Levels and vault maps discovered:
D:1:      zaba_arrival_water, layout_rooms, ebering_ecumenical_altar_ruins,
          minmay_heptomino_l4
D:2:      layout_loops_ring, roderic_lattice_a
D:3:      layout_basic, mainiacjoe_overflow_divided_tiny,
          lexackson_kobold_supper
D:4:      layout_basic, serial_shops, shop, uniq_sigmund, uniq_pikel,
          uniq_duvessa

Skill      XL: |  1  2  3 |
---------------+----------+-----
Ranged Weapons | 5 |  5.5
Armour         | 1 |  1.0
Fighting       | 3 |  3.1
Dodging        | |  1.5
Stealth        | |  1.1

Action                     |  1- 3 |  4- 6 || total
---------------------------+-------+-------++-------
   Fire: Shortbow          |   141 |    55 ||   196
    Use: Scroll            |     1 |     7 ||     8
         Potion            |     1 |     1 ||     2
 Armour: Leather armour    |    20 |       ||    20
         Ring mail         |     9 |    10 ||    19
  Dodge: Dodged            |    39 |    10 ||    49

Table legend:
 A = Non-vault XP
 B = Vault XP
 C = Vault XP percentage of total XP
 D = Non-vault monster count
 E = Vault monster count
 F = Vault count percentage of total count
                 A         B        C        D         E       F
            +---------+---------+-------+---------+---------+-------
      Total |     144 |      17 |  10.6 |      58 |      11 |  15.9
            +---------+---------+-------+---------+---------+-------
        D:1 |      51 |       6 |  10.5 |      27 |       3 |  10.0
        D:2 |      37 |       0 |   0.0 |      13 |       0 |   0.0
        D:3 |      40 |      11 |  21.6 |      16 |       8 |  33.3
        D:4 |      16 |       0 |   0.0 |       2 |       0 |   0.0
            +---------+---------+-------+---------+---------+-------
